Map: Pendiente de Agustín EE

Players

Xfinal

  • Race: Protoss Protoss
  • Spawn Location: 12:00

TheJustin

  • Race: Protoss Protoss
  • Spawn Location: 11:00

Pheonix

  • Race: Protoss Protoss
  • Spawn Location: 12:00

TATORREA

  • Race: Protoss Protoss
  • League: Gold
  • Spawn Location: 5:00

tigro

  • Race: Terran Terran
  • League: Bronze
  • Spawn Location: 6:00

MrFercho

  • Race: Zerg Zerg
  • League: Silver
  • Spawn Location: 6:00

VOD

Have the link to the VOD?

Description

Time

  • Played on: July 8, 2020, 10:12 p.m.
  • Length: 15:14
Show
View Real Time Build Order
Export as new Build Order

Xfinal Protoss 

Build Orders: Dark Templar Rush 

Get SALT Encoding   

  12  0:01  Probe  
  13  0:17  Pylon  
  13  0:22  Probe  
  13  0:26  Assimilator  
  14  0:34  Probe  
  15  0:42  Gateway  
  15  0:51  Probe  
  16  1:03  Probe  
  17  1:15  Probe  
  18  1:19  Pylon  
  18  1:28  Pylon  
  18  1:32  Cybernetics Core  
  18  1:33  Probe  
  19  1:41  Warp Gate  
  19  1:45  Probe  
  19  1:46  Assimilator  
  20  1:58  Probe  
  21  2:20  Twilight Council  
  21  2:26  Gateway  
  21  2:27  Gateway  
  21  2:28  Gateway  
  21  2:37  Probe  
  22  2:57  Dark Shrine  
  22  3:01  Probe  
  23  3:17  Nexus  
  23  3:22  Assimilator  
  23  3:24  Probe  
  24  3:31  Assimilator  
  24  3:36  Probe  
  25  4:24  Probe  
  26  4:28  Dark Templar  
  26  4:29  Dark Templar x3  
  34  4:36  Probe  
  35  4:45  Probe  
  35  4:48  Probe  
  37  4:58  Probe  
  38  5:00  Probe  
  39  5:10  Probe  
  40  5:20  Dark Templar x4  
  48  5:37  Pylon  
  48  5:57  Dark Templar x3  
  46  6:06  Dark Templar  
  48  6:44  Dark Templar x3  
  54  6:51  Probe x2  
  56  7:03  Probe x2  
  58  7:15  Probe x2  
  58  7:20  Dark Templar  
  58  7:21  Dark Templar  
  62  7:39  Pylon  
  62  7:41  Pylon  
  62  7:43  Pylon  
  62  7:44  Pylon  
  62  7:57  Probe x2  
  64  8:09  Probe  
  65  8:34  Dark Templar x4  
  73  9:04  Shadow Stride  
  73  9:07  Dark Templar x4  
  81  9:18  Pylon  
  81  9:20  Pylon  
  57  9:40  Dark Templar x4  
  65  9:55  Forge, Probe x2  
  65  9:57  Forge  
  67  10:02  Pylon  
  67  10:05  Pylon  
  67  10:07  Probe  
  67  10:13  Dark Templar x4  
  76  10:15  Pylon  
  76  10:50  Dark Templar x3  
  76  10:53  Protoss Ground Weapons Level 1  
  76  10:55  Protoss Ground Armor Level 1  
  82  11:51  Nexus  
  76  12:07  Stargate  
  76  12:08  Stargate  
  76  12:11  Stargate  
  76  12:12  Charge  
  76  12:23  Gateway  
  76  12:24  Gateway  
  76  12:27  Gateway x2  
  76  12:30  Gateway x2  
  76  12:35  Probe x2  
  78  12:47  Probe x2  
  80  12:53  Dark Templar x4  
  88  12:59  Probe x2  
  90  13:11  Probe x2  
  90  13:35  Zealot x4  
  90  13:36  Zealot x6  
  110  13:51  Void Ray  
  110  13:52  Void Ray  
  118  14:16  Assimilator  
  118  14:17  Assimilator  
  118  14:28  Zealot x3  
  118  14:29  Zealot x2, Nexus  
  118  14:30  Zealot x5  
Show
View Real Time Build Order
Export as new Build Order

TheJustin Protoss 

Build Orders: Dark Templar Rush 

Get SALT Encoding   

  12  0:05  Probe  
  12  0:13  Probe  
  13  0:19  Assimilator  
  14  0:30  Pylon  
  14  0:39  Pylon  
  14  0:44  Assimilator  
  14  0:58  Gateway  
  14  1:19  Probe  
  15  1:31  Probe  
  16  1:43  Probe  
  17  1:56  Probe, Cybernetics Core  
  18  2:07  Pylon  
  18  2:08  Probe  
  19  2:14  Pylon  
  19  2:26  Forge  
  19  2:42  Twilight Council  
  19  3:11  Protoss Ground Weapons Level 1  
  19  3:32  Dark Shrine  
  19  4:18  Photon Cannon  
  19  4:32  Pylon  
  19  4:43  Pylon  
  19  4:50  Photon Cannon  
  19  4:53  Shadow Stride  
  19  5:08  Photon Cannon  
  19  5:13  Photon Cannon  
  19  5:20  Protoss Ground Armor Level 1  
  19  5:25  Dark Templar  
  19  5:29  Protoss Air Weapons Level 1  
  21  6:04  Dark Templar  
  21  6:06  Nexus  
  23  7:28  Protoss Shields Level 1  
  23  7:38  Protoss Air Armor Level 1  
  23  7:43  Assimilator  
  23  7:45  Probe  
  23  7:47  Assimilator  
  24  7:57  Probe  
  25  8:05  Pylon  
  25  8:09  Probe  
  25  8:11  Pylon  
  26  8:16  Pylon  
  26  8:22  Probe  
  27  8:27  Stargate  
  27  8:34  Probe  
  28  9:32  Warp Gate  
  28  9:37  Protoss Ground Weapons Level 2  
  28  9:59  Fleet Beacon  
  28  10:03  Pylon  
  28  10:07  Pylon  
  28  10:10  Dark Templar  
  30  10:23  Charge  
  30  10:47  Dark Templar  
  26  12:03  Blink  
  26  12:25  Tempest  
  31  12:39  Protoss Air Weapons Level 2  
  31  13:03  Tempest  
  36  13:46  Tempest  
Show
View Real Time Build Order
Export as new Build Order

Pheonix Protoss 

Build Orders:  

Get SALT Encoding   

  12  0:02  Probe  
  13  0:15  Pylon  
  13  0:23  Probe  
  14  0:31  Probe  
  15  0:40  Probe  
  15  0:41  Gateway  
  16  1:09  Pylon  
  16  1:10  Probe  
  17  1:14  Forge  
  17  1:38  Gateway  
  17  1:42  Probe  
  18  1:55  Photon Cannon  
  18  2:05  Pylon  
  18  2:07  Photon Cannon  
  18  2:18  Cybernetics Core  
  18  2:26  Photon Cannon  
  18  2:39  Zealot  
  18  2:41  Pylon  
  20  3:05  Photon Cannon  
  20  3:11  Zealot  
  20  3:16  Photon Cannon  
  22  3:27  Shield Battery  
  20  3:32  Shield Battery  
  20  3:36  Gateway  
  20  3:46  Zealot  
  22  4:07  Pylon  
  22  4:13  Pylon, Zealot  
  24  4:20  Pylon  
  24  4:35  Zealot  
  24  4:40  Zealot  
  24  4:55  Assimilator  
  24  4:57  Assimilator  
  24  5:02  Zealot  
  26  5:07  Zealot  
  24  5:17  Pylon  
  24  5:20  Photon Cannon  
  24  5:23  Photon Cannon  
  24  5:30  Photon Cannon  
  24  5:33  Pylon  
  24  5:36  Zealot x2  
  24  5:57  Pylon  
  24  6:01  Probe  
  24  6:03  Zealot x2  
  26  6:09  Probe  
  28  6:32  Photon Cannon  
  28  6:40  Shield Battery  
  22  6:55  Pylon  
  22  7:02  Probe  
  23  7:10  Probe  
  24  7:20  Probe  
  27  7:32  Probe  
  27  7:36  Photon Cannon  
  28  7:39  Photon Cannon  
  28  7:43  Probe  
  28  7:51  Probe  
  27  7:59  Gateway, Probe  
  28  8:11  Probe  
  27  8:20  Probe  
  28  8:29  Protoss Ground Weapons Level 1  
  28  8:37  Pylon  
  28  8:38  Pylon  
  28  8:40  Pylon  
  28  8:42  Pylon  
  28  8:45  Pylon  
  28  8:55  Warp Gate, Probe  
  29  9:06  Nexus  
  29  9:07  Probe  
  30  9:19  Probe  
  31  9:31  Probe  
  32  10:07  Nexus  
  32  10:12  Pylon  
  32  10:29  Assimilator  
  32  10:31  Assimilator  
  32  10:33  Protoss Ground Armor Level 1  
  32  10:49  Gateway  
  32  10:50  Gateway  
  32  10:51  Gateway  
  32  10:59  Twilight Council  
  32  11:22  Probe x2  
  32  11:23  Probe  
  35  11:34  Probe  
  35  11:35  Probe  
  35  11:36  Forge  
  37  11:42  Charge  
  37  11:51  Templar Archives  
  37  11:54  Probe x2  
  37  11:57  Probe  
  40  12:02  Probe x2, Protoss Ground Weapons Level 2  
  42  12:09  Probe  
  43  12:19  Probe  
  43  12:20  Probe  
  43  12:21  Probe  
  46  12:31  Probe  
  46  12:32  Probe  
  46  12:35  Probe  
  49  12:42  Pylon  
  49  12:43  Probe  
  49  12:44  Pylon, Probe  
  50  12:46  Pylon  
  50  12:47  Pylon, Probe, High Templar x5  
  50  12:51  Archon x2  
  62  12:53  Psionic Storm  
  62  13:09  Assimilator  
  62  13:11  Assimilator  
  61  13:21  Sentry x4  
  61  13:22  Sentry  
  71  13:41  Pylon  
  71  13:43  Pylon  
  71  13:44  Pylon x2  
  71  13:46  Pylon  
  71  14:01  Zealot x4  
  71  14:02  Zealot  
  81  14:12  Pylon  
  81  14:13  Pylon  
  81  14:22  Zealot x2  
  81  14:23  Zealot x3  
  81  14:54  Zealot x5  
Show
View Real Time Build Order
Export as new Build Order

TATORREA Protoss 

Build Orders:  

Get SALT Encoding   

  12  0:02  Probe  
  13  0:14  Probe  
  14  0:23  Pylon  
  14  0:26  Probe  
  15  0:40  Probe  
  16  0:48  Probe  
  16  0:50  Gateway  
  16  0:55  Assimilator  
  16  0:57  Probe  
  17  1:03  Pylon  
  18  1:15  Probe  
  18  1:17  Gateway  
  19  1:27  Probe  
  19  1:28  Assimilator  
  20  1:32  Pylon  
  20  1:39  Probe  
  21  1:48  Cybernetics Core  
  21  1:51  Probe  
  22  1:57  Gateway  
  22  2:04  Probe  
  23  2:17  Gateway  
  23  2:29  Warp Gate  
  23  2:33  Stalker  
  23  2:34  Stalker  
  27  2:44  Stalker  
  29  2:51  Twilight Council  
  29  3:05  Sentry  
  31  3:07  Stalker  
  33  3:13  Stalker  
  35  3:44  Stalker  
  35  3:46  Zealot  
  39  4:11  Pylon  
  39  4:14  Pylon  
  39  4:29  Zealot  
  41  4:38  Nexus  
  41  4:42  Probe  
  41  4:43  Pylon  
  42  4:48  Stalker  
  44  4:55  Probe  
  46  5:07  Probe  
  19  5:29  Stalker x3  
  19  5:30  Stalker  
  27  5:53  Probe  
  26  6:01  Probe  
  24  6:10  Probe  
  25  6:22  Probe  
Show
View Real Time Build Order
Export as new Build Order

tigro Terran 

Build Orders:  

Get SALT Encoding   

  12  0:02  SCV  
  14  0:14  SCV  
  14  0:19  Supply Depot  
  14  0:26  SCV  
  15  0:36  Refinery  
  15  0:41  SCV  
  16  0:50  Barracks  
  16  0:53  SCV  
  17  1:02  Refinery  
  17  1:05  SCV  
  18  1:16  Supply Depot  
  18  1:17  SCV  
  19  1:39  Marine  
  20  1:48  SCV  
  20  1:49  Barracks  
  21  1:57  Marine  
  21  2:00  SCV  
  23  2:13  SCV  
  23  2:15  Marine, Engineering Bay  
  25  2:25  SCV  
  26  2:33  Marine  
  27  2:38  Factory  
  27  2:39  Barracks Reactor  
  27  2:50  Marine, Orbital Command  
  28  2:53  Terran Infantry Weapons Level 1  
  28  3:10  Barracks Tech Lab  
  28  3:26  Factory Tech Lab  
  28  3:29  Marine x2  
  28  3:31  Combat Shield  
  30  3:47  Marine  
  31  3:55  Marine  
  29  4:05  Marine  
  26  4:12  Siege Tank  
  26  4:13  Marine  
  30  4:23  Marine  
  31  4:31  Marine  
  31  4:33  Starport  
  32  4:47  Terran Infantry Armor Level 1  
  32  4:50  Stimpack  
  32  4:54  Command Center  
  23  5:29  Siege Tank  
  26  5:56  Medivac  
  28  6:01  Siege Tank  
  28  6:03  Marine x3  
  34  6:20  Marine  
  34  6:21  Marine x2  
  36  6:33  Siege Tank  
  39  6:49  Marine x3  
  39  7:36  Marine  
  39  7:37  Marine  
  39  7:38  Marine  
  37  7:54  Marine  
  37  7:55  Siege Tank  
  21  8:32  Starport Tech Lab  
Show
View Real Time Build Order
Export as new Build Order

MrFercho Zerg 

Build Orders: Hatch First 

Get SALT Encoding   

  12  0:03  Drone  
  13  0:14  Overlord  
  13  0:19  Drone  
  14  0:32  Drone  
  14  0:34  Drone  
  16  0:45  Drone  
  17  0:54  Hatchery  
  16  0:59  Drone  
  16  1:00  Drone  
  18  1:09  Extractor  
  17  1:17  Spawning Pool  
  16  1:20  Drone  
  16  1:22  Drone  
  18  1:29  Drone  
  19  1:40  Drone  
  20  1:51  Drone  
  21  2:02  Drone  
  22  2:09  Drone  
  22  2:10  Roach Warren  
  22  2:12  Queen  
  22  2:13  Queen  
  26  2:17  Drone  
  26  2:22  Overlord  
  27  2:32  Metabolic Boost  
  26  2:46  Spine Crawler  
  25  3:18  Zergling x6  
  25  3:19  Zergling x6  
  31  3:32  Spine Crawler  
  22  4:10  Queen  
  22  4:13  Roach x5  
  22  4:15  Drone  
  33  4:30  Drone  
  33  4:31  Spine Crawler, Drone x4  
  34  4:33  Spine Crawler  
  25  5:02  Zergling x16  
  25  5:38  Spore Crawler  
  25  5:41  Spore Crawler  
  16  5:49  Roach  
  18  5:50  Roach x7  
  30  6:09  Overlord x2  
  28  6:21  Ravager  
  28  6:22  Ravager x3  
  32  7:07  Drone  
  32  7:08  Drone x8  
  39  7:51  Drone  
  39  7:52  Drone x8  
  39  7:56  Extractor  
  47  7:59  Extractor  
  47  8:01  Lair  
  47  8:03  Drone x2  
  48  8:46  Drone x4  
  48  8:47  Extractor  
  51  8:49  Overlord x4  
  51  8:50  Overlord  
  51  8:55  Baneling Nest  
  50  8:57  Zergling x4  
  52  9:07  Drone  
  52  9:08  Drone x2  
  55  9:16  Zergling x2  
  56  9:18  Overseer  
  55  9:45  Drone x6  
  60  9:49  Overseer  
  61  9:55  Spore Crawler  
  60  10:02  Spine Crawler  
  60  10:03  Drone x2  
  61  10:13  Hatchery  
  60  10:14  Centrifical Hooks  
  60  10:16  Glial Reconstitution  
  60  10:22  Overlord x4  
  60  10:35  Queen  
  60  10:40  Zergling x8  
  60  10:41  Zergling x4  
  68  11:02  Zergling x8  
  72  11:05  Baneling x12  
  72  11:06  Baneling x5  
  72  11:17  Evolution Chamber  
  71  11:19  Evolution Chamber  
  71  11:24  Zergling x10  
  73  11:35  Zergling x12  
  76  11:55  Queen  
  76  12:00  Baneling  
  78  12:05  Zergling x8  
  78  12:06  Zergling x14, Spine Crawler  
  88  12:15  Zerg Melee Weapons Level 1, Zerg Ground Armor Level 1  
  88  12:28  Drone x5  
  88  12:29  Drone x2  
  95  12:36  Zergling x2  
  98  12:37  Zergling x4  
  98  12:51  Pneumatized Carapace  
  98  12:53  Zergling x12  
  102  13:28  Zergling x14  
  102  13:29  Zergling x14  
  113  13:43  Drone  
  113  13:44  Drone x5  
  119  14:11  Hatchery  
  111  14:35  Zergling x26  
Tags
 
Add a new tag
Caveats
  • Supply blocks, unpowered buildings, or Contaminate may cause inaccurate times.
  • Supply counts are checked every 10 seconds.